 Dungeon Crawl Stone Soup version 0.21-a0-630-g344d351 (webtiles) character file.

12 KristoblXynda the Charmwright (level 2, -1/14 HPs)
             Began as a Spriggan Skald on Dec 26, 2017.
             Killed by divine providence
             ... invoked by an orc priest
              (13 damage)
             ... on level 2 of the Dungeon.
             The game lasted 00:01:02 (844 turns).

KristoblXynda the Charmwright (Spriggan Skald)       Turns: 844, Time: 00:01:03

Health: -1/14      AC:  2    Str:  7    XL:     2   Next: 20%
Magic:  7/7        EV: 19    Int: 14    God:
Gold:   73         SH:  0    Dex: 15    Spells: 6/7 levels left

rFire    . . .     SeeInvis +   k - +0 dagger
rCold    . . .     Gourm    .   (shield restricted)
rNeg     . . .     Faith    .   b - +0 robe
rPois    .         Spirit   .   (helmet restricted)
rElec    .         Reflect  .   (no cloak)
rCorr    .         Harm     .   (gloves unavailable)
MR       .....                  (boots unavailable)
Stlth    +.........             (no amulet)
HPRegen  0.04/turn              (no ring)
MPRegen  0.10/turn              (no ring)

@: very quick
A: very small, unfitting armour, see invisible, herbivore, speed 3, slow
metabolism 2
a: no special abilities


You were on level 2 of the Dungeon.
You were not hungry.

You visited 1 branch of the dungeon, and saw 2 of its levels.

You collected 73 gold pieces.

Inventory:

Hand Weapons
 k - a +0 dagger (weapon)
Armour
 b - a +0 robe (worn)
Scrolls
 a - a scroll of fog {unknown}
 e - a scroll of enchant weapon {unknown}
 f - a scroll of remove curse {unknown}
 g - a scroll of immolation {unknown}
 i - a scroll of identify {unknown}
 l - a scroll of magic mapping {unknown}
 m - a scroll of blinking {unknown}
Potions
 h - a potion of mutation {unknown}
 j - a potion of flight {unknown}
 n - a potion of heal wounds {unknown}
 o - 2 potions of curing {unknown}
Books
 c - a book of Battle

   Spells                             Type                      Level
   a - Infusion                       Charms                       1
   b - Shroud of Golubria             Charms/Translocation         2
   c - Song of Slaying                Charms                       2
   d - Spectral Weapon                Hexes/Charms                 3
   e - Regeneration                   Charms/Necromancy            3
Comestibles
 d - 3 rations


   Skills:
 - Level 1.5 Fighting
 + Level 2.5 Short Blades
 + Level 3.9 Dodging
 + Level 3.0 Spellcasting
 + Level 4.6 Charms


You had 6 spell levels left.
You knew the following spells:

 Your Spells              Type           Power        Failure   Level  Hunger
a - Infusion              Chrm           ###.         3%          1    #......


Dungeon Overview and Level Annotations

Branches:
Dungeon (2/15)

Altars:


Innate Abilities, Weirdness & Mutations

You are very small and have problems with some larger weapons.
You are too small for most types of armour.
You have supernaturally acute eyesight. (SInv)
You are a herbivore.
You cover ground extremely quickly.
You need consume almost no food.


Message History

An orc is nearby!
The orc throws a steel tomahawk.
The steel tomahawk closely misses you.
There is an open door here.
An orc, an orc priest and an orc wizard come into view.
The orc is wielding a flail of protection.
The orc shouts!
The orc wizard shouts!
Found a glowing whip.
You closely miss the orc. The orc completely misses you.
You hit the orc but do no damage. The orc misses you.
The orc wizard gestures wildly while chanting.
The orc wizard seems to speed up.
You hit the orc but do no damage. The orc closely misses you.
The orc priest closely misses you.
There is an open door here.
The orc wizard mumbles some strange words.
The orc wizard blinks!
The orc priest calls down the wrath of Beogh upon you.
Beogh smites you!
Ouch! That really hurt!
You die...

#.###.......#
#.).ยง........
#o# ###'## #
#..o.# .
.#######..o.#.#
............#.#
########(...#.#
#..@...#...##
#......#....
####...#...#
#.[....#...#
#.####.#...#
#.#....#...####.
##'#.##.#........
#....##.#..##
#...<.......#


You could see an orc priest and 2 orcs.

Vanquished Creatures
  A bat (D:1)
  2 giant cockroaches (D:1)
  2 goblins (D:1)
  A hobgoblin (D:1)
  A quokka (D:2)
  2 frilled lizards (D:1)
  2 rats (D:1)
11 creatures vanquished.

Notes
Turn   | Place    | Note
-------+----------+-------------------------------------------
     0 | D:1      | KristoblXynda the Spriggan Skald began the quest for the Orb.
     0 | D:1      | Reached XP level 1. HP: 10/10 MP: 5/5
   470 | D:1      | Reached XP level 2. HP: 13/14 MP: 3/6
   844 | D:2      | Killed from afar by an orc priest

Vault maps used:
D:1:      mrwooster_arrival_statue_2
D:2:      uniq_robin

Skill      XL: |  1  2 |
---------------+-------+-----
Spellcasting   | 3 |  3.0
Fighting       | |  1.5
Short Blades   | |  2.5
Dodging        | |  3.9
Charms         | |  4.6

Action                   || total
-------------------------++-------
Melee: Short sword       ||    31
       Dagger            ||    12
 Cast: Infusion          ||     4
Armor: Robe              ||     1
Dodge: Dodged            ||    35

Table legend:
 A = Spawn XP
 B = Non-spawn XP
 C = Spawn XP percentage of total XP
 D = Spawn monster count
 E = Non-spawn monster count
 F = Spawn count percentage of total count
 G = Total turns spent on level
                    A         B        C        D         E        F      G
               +---------+---------+-------+---------+---------+-------+---------
         Total |       0 |      18 |   0.0 |       0 |      11 |   0.0 |   844
               +---------+---------+-------+---------+---------+-------+---------
           D:1 |       0 |      16 |   0.0 |       0 |      10 |   0.0 |   766
           D:2 |       0 |       2 |   0.0 |       0 |       1 |   0.0 |    78
               +---------+---------+-------+---------+---------+-------+---------
